 Dungeon Crawl Stone Soup version 0.19-a0-1320-g0178847 (webtiles) character file.

39 4thArraOfDagon the Ruffian (level 3, 0/31 HPs)
             Began as a Troll Ice Elementalist on Aug 31, 2016.
             Was a Follower of Nemelex Xobeh.
             Slain by a worm (9 damage)
             ... on level 3 of the Dungeon.
             The game lasted 00:01:30 (245 turns).

4thArraOfDagon the Ruffian (Troll Ice Elementalist)  Turns: 245, Time: 00:01:30

Health: 0/31       AC:  5    Str: 16    XL:     3   Next: 28%
Magic:  3/3        EV: 10    Int: 12    God:    Nemelex Xobeh [*.....]
Gold:   7          SH:  0    Dex: 10    Spells: 1 memorised, 3 levels left

rFire  . . .     SeeInvis .       - Unarmed
rCold  . . .     Gourm    +     a - +0 robe
rNeg   . . .     Faith    .     (no shield)
rPois  .         Spirit   .     (helmet restricted)
rElec  .         Dismiss  .     (no cloak)
rCorr  .         Reflect  .     (gloves unavailable)
MR     .....     Harm     .     (boots unavailable)
Stlth  +.........               (no amulet)
                                (no ring)
                                (no ring)

@: no status effects
A: unfitting armour, claws 3, fast metabolism 3, gourmand, regeneration 1,
shaggy fur 1, tough skin 2
a: Renounce Religion


You were on level 3 of the Dungeon.
You worshipped Nemelex Xobeh.
Nemelex Xobeh was aware of your devotion.
You were full.

You visited 1 branch of the dungeon, and saw 3 of its levels.

You collected 7 gold pieces.

Inventory:

Armour
 a - a +0 robe (worn)
Scrolls
 d - a scroll of immolation {unknown}
 e - a scroll of blinking {unknown}
Books
 b - a book of Frost

   Spells                             Type                      Level
   a - Freeze                         Ice                          1
   b - Throw Frost                    Conjuration/Ice              2
   c - Ozocubu's Armour               Charms/Ice                   3
   d - Throw Icicle                   Conjuration/Ice              4
   e - Summon Ice Beast               Ice/Summoning                4
Miscellaneous
 f - a plain deck of destruction
 g - a plain deck of destruction
Comestibles
 c - 2 bread rations


   Skills:
 - Level 1.5 Dodging
 - Level 1.1 Stealth
 * Level 3.0 Unarmed Combat
 - Level 1.2 Spellcasting
   Level 0.6 Conjurations
 - Level 2.1 Ice Magic


You had 3 spell levels left.
You knew the following spells:

 Your Spells              Type           Power        Failure   Level  Hunger
a - Freeze                Ice            #...         12%         1    ##.....


Dungeon Overview and Level Annotations

Branches:
Dungeon (3/15)

Altars:
Nemelex Xobeh


Innate Abilities, Weirdness & Mutations

You are too large for most types of armour.
You have claws for hands.
Your metabolism is lightning-fast.
You like to eat raw meat.
Your natural rate of healing is unusually fast.
You are covered in fur. (AC +1)
You have very tough skin. (AC +2)


Message History

The worm is moderately wounded.
The hobgoblin hits you.
You barely miss the worm.
The worm is moderately wounded.
The worm completely misses you. The hobgoblin hits you.
You scratch the worm.
The worm is moderately wounded.
You scratch the worm.
The worm is heavily wounded.
The hobgoblin barely misses you. The worm bites you.
* * * LOW HITPOINT WARNING * * *
You are too injured to fight recklessly!
You are too injured to fight recklessly!
The hobgoblin hits you but does no damage.
Found a scroll labeled JUTWUS JEAMOME.
You see here 7 gold pieces.
Unknown command.
You now have 7 gold pieces.
The worm bites you!
You die...
Your body glows slightly and disappears.

#≈≈ ≈≈# #≈≈ ≈≈#
#≈≈. .≈≈#
#≈...## ##...≈#
#≈...#. .#..(≈#
+.. ♣.!♣?.♣...+
#≈.. #.@.#...≈#
#≈...##w##...≈#
#≈≈...g♣....≈≈#
#≈≈≈.....).≈≈≈#
#≈≈≈≈.....≈≈≈≈#
#≈≈≈≈≈≈†≈≈≈≈≈≈#
#######+#######


You could see a worm and a hobgoblin.

Vanquished Creatures
  Jessica (D:2)
  2 giant geckos (D:3)
  3 bats
  A giant cockroach (D:2)
  A goblin (D:1)
  A hobgoblin (D:3)
  A giant newt (D:3)
  A kobold (D:2)
  A rat (D:2)
12 creatures vanquished.

Notes
Turn   | Place    | Note
-------+----------+-------------------------------------------
     0 | D:1      | 4thArraOfDagon the Troll Ice Elementalist began the quest for the Orb.
     0 | D:1      | Reached XP level 1. HP: 16/16 MP: 1/1
    14 | D:1      | You fall through a shaft!
    83 | D:2      | Reached skill level 1 in Unarmed Combat
   134 | D:2      | Found a faded altar of an unknown god.
   142 | D:2      | Became a worshipper of Nemelex Xobeh the Trickster
   142 | D:2      | Received a gift from Nemelex Xobeh
   142 | D:2      | Reached * piety under Nemelex Xobeh
   142 | D:2      | Received a gift from Nemelex Xobeh
   157 | D:2      | Noticed Jessica
   161 | D:2      | Killed Jessica
   161 | D:2      | Reached skill level 2 in Unarmed Combat
   161 | D:2      | Reached XP level 2. HP: 18/24 MP: 2/2
   161 | D:2      | Reached XP level 3. HP: 23/31 MP: 3/3
   232 | D:3      | Reached skill level 3 in Unarmed Combat
   245 | D:3      | Slain by a worm

Vault maps used:
D:1:      dpeg_arrival_short_road
D:2:      lemuel_upstairs_altar, zin_treasury, ecumenical_altar_1, uniq_jessica
D:3:      first_bread, kennysheep_generic_room_2

Skill      XL: |  1  2  3 |
---------------+----------+-----
Unarmed Combat | 2 3 |  3.0
Dodging        | |  1.5
Stealth        | |  1.1
Spellcasting   | |  1.2
Conjurations   | |  0.6
Ice Magic      | |  2.1

Action                   || total
-------------------------++-------
Melee: Unarmed           ||    47
  Eat: Chunk             ||     5
Armor: Robe              ||   105
Dodge: Dodged            ||   126
